 Dungeon Crawl Stone Soup version 0.31.0-32-g396128a36d (webtiles) character file.

Game seed: 5970562281629783293

170 Doomgape the Covered (level 5, -2/45 HPs)
             Began as an Armataur Fighter on Mar 23, 2024.
             Succumbed to Robin's poison
             ... on level 3 of the Dungeon.
             The game lasted 00:03:50 (2333 turns).

Doomgape the Covered (Armataur Fighter)             Turns: 2333, Time: 00:03:50

Health: -2/45      AC:  8    Str: 23    XL:     5   Next: 26%
Magic:  5/5        EV:  6    Int:  9    God:
Gold:   70         SH:  4    Dex:  9    Spells: 4/4 levels left

rFire   + . .        a - +0 flail
rCold   + . .        c - +0 buckler
rNeg    . . .        m - +0 chain mail
rPois   +            (no helmet)
rElec   +            (no cloak)
rCorr   +            (no gloves)
SInv    .            (no barding)
Will    .....        (no amulet) Stlth
                     (no ring)
HPRegen 0.27/turn    (no ring)
MPRegen 0.09/turn

%: roll
@: lethally poisoned (-2 -> -32), resistant
A: large, deformed body, tough skin 3, armoured tail, roll 1
a: no special abilities


You were on level 3 of the Dungeon.
You visited 1 branch of the dungeon, and saw 3 of its levels.

You collected 70 gold pieces.

Inventory:

Hand Weapons
 a - a +0 flail (weapon)
Armour
 c - a +0 buckler (worn)
 m - a +0 chain mail (worn)
Jewellery
 i - an amulet of reflection
 n - an amulet of regeneration
Scrolls
 o - 2 scrolls of identify {unknown}
 q - 2 scrolls of revelation {unknown}
 r - a scroll of fear {unknown}
 s - a scroll of teleportation {unknown}
Potions
 b - a potion of invisibility {unknown}
 d - a potion of might
 e - 2 potions of haste
 f - a potion of resistance
 h - a potion of lignification {unknown}
 j - 3 potions of enlightenment {unknown}
 l - a potion of ambrosia {unknown}
 p - a potion of curing {unknown}
 t - a potion of mutation {unknown}


   Skills:
 + Level 3.5 Fighting
 + Level 2.9 Maces & Flails
 + Level 4.8 Armour
 + Level 4.3 Shields


You had 4 spell levels left.
You didn't know any spells.
Your spell library contained the following spells:

 Spells                   Type           Power      Damage    Failure   Level
 Freeze                   Ice            0%         1d3       95%         1
 Blink                    Tloc           0%         N/A       99%         2
 Lesser Beckoning         Tloc           0%         N/A       99%         2
 Momentum Strike          Conj/Tloc      0%         3d8       99%         2
 Frozen Ramparts          Ice            0%         1d1       100%        3
 Hailstorm                Conj/Ice       0%         3d5       100%        3


Dungeon Overview and Level Annotations

Branches:
Dungeon (3/15)

Altars:

Shops:
D:1 (   D:2 !

Annotations:
D:3 Robin


Innate Abilities, Weirdness & Mutations

Armour fits poorly on your strangely shaped body.
You have extremely tough skin. (AC +3)
You have a long armoured tail.
You regenerate magic when rolling toward enemies. (Rampage MPRegen)


Message History

You block the goblin's attack.
You hit Robin but do no damage.
Robin is moderately wounded.
Robin hits you but does no damage.
You are poisoned.
The goblin hits you but does no damage.
Unknown command.
You hit Robin but do no damage.
Robin is moderately wounded.
You feel very sick.
Robin hits you with a +2 dagger of venom.
You are more poisoned.
The goblin barely misses you.
You hit Robin.
Robin is heavily wounded.
You feel very sick.
Robin hits you with a +2 dagger of venom.
You are more poisoned.
The goblin barely misses you.
Robin hits you with a +2 dagger of venom.
You are more poisoned.
The goblin hits you but does no damage.
You closely miss Robin.
Robin is heavily wounded.
You feel extremely sick. Robin hits you but does no damage.
You are more poisoned.
The goblin hits you with a +0 club.
* * * LOW HITPOINT WARNING * * *
You hit Robin.
Robin is heavily wounded.
* * * LOW HITPOINT WARNING * * *
You feel extremely sick. Robin hits you but does no damage.
You are more poisoned.
You block the goblin's attack.
Unknown command.
It was a potion of resistance.
You feel protected.
You die...

#>.........†.......'...bbbb)
#.......#####....).##.bbb.##
#.......# #......########
#.......# #......#
#.......#####......#
#.##........########
#.##.######.# ####
#.#.......#g# #...
#...#####.#@# #...
###.#.###.#g# #...
#.#.....#.# +... #.#.#####.#
###... #.#<†.#...#### #.....
#.#####......# #.####
#............#
#######......# #......#


You could see Robin and a goblin (strong).

Vanquished Creatures
  Terence (D:3)
  Natasha (twice) (D:2)
  3 adders
  2 ribbon worms (D:2)
  A dart slug (D:2)
  A ball python (D:2)
  6 endoplasms
  3 giant cockroaches
  13 goblins
  4 hobgoblins
  2 jackals (D:2)
  5 quokkas
  5 bats
  2 frilled lizards
  8 rats
58 creatures vanquished.

Notes
Turn   | Place    | Note
-------+----------+-------------------------------------------
     0 | D:1      | Doomgape the Armataur Fighter began the quest for the Orb.
     0 | D:1      | Reached XP level 1. HP: 18/18 MP: 1/1
   205 | D:1      | Found a faded altar of an unknown god.
   342 | D:1      | Reached XP level 2. HP: 25/25 MP: 2/2
   346 | D:1      | Found Kenyot's Antique Weapon Emporium.
   945 | D:2      | Found Jaiqegar's Distillery.
  1271 | D:2      | Reached XP level 3. HP: 31/31 MP: 3/3
  1411 | D:2      | Noticed Natasha
  1416 | D:2      | Killed Natasha
  1473 | D:2      | Reached XP level 4. HP: 32/38 MP: 4/4
  1571 | D:2      | Noticed Natasha
  1579 | D:2      | Killed Natasha
  1759 | D:2      | Noticed Natasha
  2084 | D:3      | Noticed Terence
  2098 | D:3      | Killed Terence
  2204 | D:3      | Reached XP level 5. HP: 45/45 MP: 5/5
  2309 | D:3      | Noticed Robin
  2333 | D:3      | Succumbed to Robin's poison

Illustrated notes

Levels and vault maps discovered:
D:1:      dpeg_arrival_ratfight, layout_loops_ring,
          nicolae_ecumenical_lake_church, serial_shops, shop
D:2:      minmay_inner_zag, layout_loops_ring, serial_shops, shop, uniq_natasha
D:3:      layout_basic, serial_shops, shop, minivault_23, serial_park_tiny_1,
          minmay_misc_feat_five, uniq_ijyb, uniq_terence, uniq_robin

Skill      XL: |  1  2  3  4 |
---------------+-------------+-----
Maces & Flails | 2 |  2.9
Fighting       | 3 |  3.5
Armour         | 4 |  4.8
Shields        | 4 |  4.3

Action                     |  1- 3 |  4- 6 || total
---------------------------+-------+-------++-------
  Melee: Flail             |   115 |    79 ||   194
         Tailslap          |    14 |    10 ||    24
    Use: Scroll            |       |     4 ||     4
         Potion            |       |     2 ||     2
 Armour: Scale mail        |    65 |       ||    65
         Chain mail        |    33 |    75 ||   108
  Dodge: Dodged            |    55 |    27 ||    82
  Block: Buckler           |    23 |    23 ||    46
